 Dungeon Crawl Stone Soup version 0.27-a0-1116-g91b3acb402 (webtiles) character file.

Game seed: 424489488350573471

112340 leviel the Severer (level 16, -2/149 HPs)
             Began as a Minotaur Fighter on May 2, 2021.
             Was an Initiate of Gozag.
             Slain by Donald
             ... wielding a +1 long sword of electrocution
              (32 damage)
             ... on level 1 of the Snake Pit.
             The game lasted 00:58:19 (34037 turns).

leviel the Severer (Minotaur Fighter)              Turns: 34037, Time: 00:58:30

Health: -2/149     AC: 28    Str: 31    XL:     16   Next: 11%
Magic:  15/15      EV: 14    Int:  5    God:    Gozag
Gold:   4701       SH:  5    Dex: 17    Spells: 15/15 levels left

rFire    . . .     SeeInvis +   L - +7 great mace "Undeadhunter" {disrupt, rN+}
rCold    . . .     Faith    .   (shield currently unavailable)
rNeg     + . .     Spirit   .   t - +3 plate armour
rPois    .         Reflect  +   R - +2 hat
rElec    .         Harm     .   d - +2 cloak
rCorr    +         Rampage  .   r - +2 pair of gloves
Will     ++...     Rnd*Rage +   (no boots)
Stlth    ..........             M - amulet of reflection
HPRegen  0.34/turn              C - ring "Xueduyh" {Will+ rCorr Str+4 Dex+6}
MPRegen  0.14/turn              I - ring of see invisible

@: gold aura
A: horns 2, retaliatory headbutt, berserk 1
a: Renounce Religion, Potion Petition, Call Merchant, Bribe Branch


You were on level 1 of the Snake Pit.
You worshipped Gozag.
Gozag was most pleased with you.
You visited 7 branches of the dungeon, and saw 24 of its levels.
You also visited: Sewer.

You collected 9049 gold pieces.
You spent 1685 gold pieces at shops.
You paid 2663 gold pieces to Gozag.

Inventory:

Hand Weapons
 a - a +3 war axe of venom
 k - the +3 great mace "Xikestre" {flame, rF+ rC+ Str+4}
   (You found it on level 10 of the Dungeon)

   It has been specially enchanted to burn those struck by it, causing extra
   injury to most foes and up to half again as much damage against particularly
   susceptible opponents.
   It affects your strength (+4).
   It protects you from fire.
   It protects you from cold.
 y - a +1 hand axe of flaming
 L - the +7 great mace "Undeadhunter" (weapon) {disrupt, rN+}
   (You found it on level 7 of the Dungeon)

   It protects you from negative energy.
Missiles
 e - 77 poisoned darts (quivered)
 o - 3 curare-tipped darts
 s - 7 javelins
 G - 5 throwing nets
Armour
 c - a +2 kite shield
 d - a +2 cloak (worn)
 r - a +2 pair of gloves (worn)
 t - a +3 plate armour (worn)
 R - a +2 hat (worn)
Jewellery
 h - a ring of protection from cold
 i - a ring of poison resistance
 n - a +4 ring of slaying
 C - the ring "Xueduyh" (left hand) {Will+ rCorr Str+4 Dex+6}
   (You bought it in a shop on level 5 of the Dungeon)

   [ring of dexterity]

   It affects your strength (+4).
   It affects your dexterity (+6).
   It protects you from acid and corrosion.
   It increases your willpower.
 F - a ring of resist corrosion
 I - a ring of see invisible (right hand)
 M - an amulet of reflection (around neck)
Wands
 q - a wand of paralysis (12)
 w - a wand of iceblast (33)
 J - a wand of digging (9)
 P - a wand of flame (70)
Scrolls
 b - a scroll of summoning {unknown}
 g - 4 scrolls of amnesia
 l - 2 scrolls of silence {unknown}
 m - a scroll of vulnerability {unknown}
 v - 2 scrolls of teleportation
 x - 3 scrolls of fog
 K - 2 scrolls of immolation {unknown}
 N - a scroll of magic mapping
 O - a scroll of enchant weapon
 S - 2 scrolls of identify
Potions
 f - 2 potions of brilliance
 j - 3 potions of curing
 p - 4 potions of magic
 z - 7 potions of lignification
 B - 3 potions of flight
 D - a potion of berserk rage
 E - a potion of might
 H - a potion of resistance
Miscellaneous
 A - a piece from Xom's chessboard (15/15)


   Skills:
 - Level 15.0 Fighting
 - Level 16.0(16.6) Axes
 + Level 8.3(13.1) Maces & Flails
 - Level 3.6 Throwing
 - Level 13.9 Armour
 - Level 12.2 Dodging
 - Level 0.3 Stealth
 - Level 14.9 Shields
 - Level 6.0 Evocations


You had 15 spell levels left.
You didn't know any spells.
Your spell library contained the following spells:

 Spells                   Type           Power      Damage    Failure   Level
 Animate Skeleton         Necr           0%         N/A       96%         1
 Apportation              Tloc           0%         N/A       96%         1
 Corona                   Hex            0%         N/A       96%         1
 Magic Dart               Conj           0%         1d3       96%         1
 Pain                     Necr           0%         1d4       96%         1
 Sandblast                Erth           0%         2d4       96%         1
 Summon Small Mammal      Summ           0%         N/A       96%         1
 Blink                    Tloc           N/A        N/A       99%         2
 Call Imp                 Summ           0%         N/A       99%         2
 Ensorcelled Hibernation  Hex/Ice        0%         N/A       99%         2
 Slow                     Hex            0%         N/A       99%         2
 Call Canine Familiar     Summ           0%         N/A       100%        3
 Confusing Touch          Hex            0%         N/A       100%        3
 Conjure Flame            Conj/Fire      0%         6-21      100%        3
 Dazzling Flash           Conj/Hex       0%         N/A       100%        3
 Gell's Gravitas          Tloc           0%         N/A       100%        3
 Mephitic Cloud           Conj/Pois/Air  0%         N/A       100%        3
 Summon Guardian Golem    Hex/Summ       0%         N/A       100%        3
 Tukima's Dance           Hex            0%         N/A       100%        3
 Vampiric Draining        Necr           0%         2d6       100%        3
 Animate Armour           Summ/Erth      0%         N/A       100%        4
 Animate Dead             Necr           0%         N/A       100%        4
 Leda's Liquefaction      Hex/Erth       0%         N/A       100%        4
 Summon Ice Beast         Ice/Summ       0%         N/A       100%        4
 Summon Lightning Spire   Summ/Air       0%         N/A       100%        4
 Agony                    Necr           0%         N/A       100%        5
 Bolt of Magma            Conj/Fire/Erth 0%         4d4       100%        5
 Borgnjor's Vile Clutch   Necr/Erth      0%         N/A       100%        5
 Death Channel            Necr           0%         N/A       100%        6
 Iron Shot                Conj/Erth      0%         9d1       100%        6
 Simulacrum               Ice/Necr       0%         N/A       100%        6
 Statue Form              Tmut/Erth      0%         N/A       100%        6
 Shatter                  Erth           0%         3d5*      100%        9


Dungeon Overview and Level Annotations

Branches:
Dungeon (10/15)            Temple (1/1) D:4            Lair (6/6) D:8
  Swamp (0/4) Lair:2        Snake (1/4) Lair:3        Slime (3/5) Lair:5
    Orc (2/2) D:9             Elf (1/3) Orc:2         Sewer (visited)

Altars:
Ashenzari
Cheibriados
Dithmenos
Elyvilon
Fedhas
Gozag
Hepliaklqana
Kikubaaqudgha
Makhleb
Nemelex Xobeh
Okawaru
Qazlal
Ru
Sif Muna
Trog
Uskayaw
Vehumet
Wu Jian
Xom
Yredelemnul
Zin
The Shining One

Shops:
D:5 =   Orc:2 =*(:[[(

Annotations:
D:7 4 runed translucent doors
D:10 1 runed translucent door, ClownBaby's ghost, novice MfGl
Lair:4 3 runed translucent doors, Eqaz's ghost, journeyman MiHu; Juirae's ghost, journeyman TrMo; Lesmeliq's ghost, journeyman HuWn
Snake:1 Donald


Innate Abilities, Weirdness & Mutations

You have a pair of horns on your head.
You reflexively headbutt those who attack you in melee.
You tend to lose your temper in combat.


Message History

You sock the salamander!
You kill the salamander!
Donald says, "I saw some gold over there.
Quick, better go get it!"
Donald gestures wildly while chanting.
Donald seems to grow stronger.
Donald says, "At least there aren't any garudas.
I hate garudas."
You hit Donald but do no damage. Donald blocks your attack.
Donald casts a spell.
Donald seems to speed up.
Donald blocks your attack.
You headbutt Donald!
Donald is lightly wounded.
Donald hits you but does no damage.
You are electrocuted!
You hit Donald but do no damage.
Donald is lightly wounded.
Donald barely misses you. You furiously retaliate!
You headbutt Donald, but do no damage.
Donald hits you with a +1 long sword of electrocution!!
You are electrocuted!
You sock Donald! Your headbutt misses Donald.
Donald is moderately wounded.
Donald says, "Man, snails must be faster than these guys."
Donald hits you with a +1 long sword of electrocution!!
You are too injured to fight recklessly!
You are too injured to fight recklessly!
You sock Donald! You headbutt Donald.
Donald is heavily wounded.
Donald says, "I bet the Orb isn't even all that great."
Donald hits you with a +1 long sword of electrocution!
You are electrocuted!
Donald hits you but does no damage.
You sock Donald!
Donald is severely wounded.
Donald hits you with a +1 long sword of electrocution!!!
* * * LOW HITPOINT WARNING * * *
You feel much better.
Donald says, "So the shops here weren't enough for you?"
Donald barely misses you. You furiously retaliate!
You headbutt Donald.
Donald says, "That guy with the scythe is really mean."
Donald hits you with a +1 long sword of electrocution!!
You die...
Your body crumbles into a pile of gold.

..###........##.......#.....###..
..##...........#.##.#.......# #..
##.##............####.......# ##.
###...............##.#......# #.
.#.##..............#.#....... #.
...###........^.....##........ ..
...# #...............#.......# #.
...####.........@...#.....#.##
....# #........@...# ....##
#..........$.#
.....####........$..#
.....#..............#
......##...........##
.....###..#......###
.....##..####:..## ....#.#...
##....# .#####.... ..##...


You could see Donald (fast, strong).

Vanquished Creatures
  Jorgrun (Orc:1)
  3 acid blobs
  Roxanne (Elf:1)
  An azure jelly (Slime:2)
  An orc warlord (Orc:1)
  A quicksilver ooze (Slime:2)
  3 dire elephants (Lair:6)
  A deep elf death mage (Elf:1)
  2 great orbs of eyes
  Erolcha (Orc:1)
  A hydra (Lair:5)
  2 anacondas (Snake:1)
  A naga warrior (Lair:3)
  Harold (D:8)
  A boulder beetle (D:7)
  5 death yaks (Lair:6)
  A two-headed ogre (D:9)
  3 orc high priests
  2 shock serpents (Snake:1)
  Urug (Lair:4)
  A naga sharpshooter (Snake:1)
  Nergalle (Orc:1)
  4 deep elf knights (Elf:1)
  A spectral anaconda (Lair:6)
  A sea snake (Snake:1)
  7 deep elf archers (Elf:1)
  A bog body (Lair:2)
  5 orc knights
  11 deep elf zephyrmancers
  4 necromancers (Lair:6)
  An obsidian statue (Lair:6)
  17 deep elf pyromancers
  A shining eye (Slime:1)
  5 orc sorcerers (Orc:2)
  3 salamanders (Snake:1)
  2 cyclopes
  18 elephants
  A guardian serpent (Snake:1)
  5 naga magi (Snake:1)
  Maurice (D:10)
  10 black mambas
  An eye of devastation (Slime:2)
  Maggie (D:9)
  9 cane toads
  A kobold demonologist (D:9)
  A dire elephant skeleton (Lair:6)
  2 rime drakes
  9 komodo dragons
  4 trolls
  3 spectral elephants (Lair:6)
  7 blink frogs
  47 slime creatures
  2 air elementals (Elf:1)
  A water elemental (Elf:1)
  Sigmund (D:4)
  A dire elephant simulacrum (Lair:6)
  2 basilisks
  2 fire elementals
  Eustachio (D:5)
  3 wyverns
  34 yaks
  3 steam dragons
  3 spectral cane toads (Lair:6)
  4 wargs
  Edmund (D:6)
  7 nagas
  An acid dragon (D:8)
  16 water moccasins
  2 sky beasts (D:6)
  36 orc warriors
  6 black bears
  An ice beast (D:6)
  5 ogres
  An elephant zombie (Lair:6)
  A necrophage (D:6)
  18 wolves
  2 centaurs (D:9)
  2 phantoms
  2 elephant skeletons (Lair:6)
  16 bullfrogs
  2 gnoll sergeants
  3 kobold brigands
  3 scorpions
  2 cane toad simulacra (Lair:6)
  2 water moccasin skeletons
  6 wights (D:7)
  3 howler monkeys
  2 jellies (D:8)
  6 hounds
  2 bullfrog zombies
  2 centaur skeletons (D:7)
  3 centaur zombies
  27 orc priests
  2 iguanas
  A scorpion zombie (D:5)
  35 orc wizards
  A killer bee zombie (D:9)
  A hound skeleton (D:4)
  A howler monkey zombie (D:9)
  8 gnolls
  3 adders
  13 white imps
  2 ufetubi
  2 adder skeletons (D:4)
  5 worms
  3 dart slugs
  86 orcs
  12 endoplasms
  4 giant cockroaches
  6 goblins
  7 hobgoblins
  25 jackals
  8 quokkas
  5 ball pythons
  12 bats
  6 frilled lizards
  6 kobolds
  7 rats
716 creatures vanquished.

Vanquished Creatures (others)
  6 dancing weapons (Elf:1)
  2 deep elf knights (Elf:1)
  A deep elf archer (Elf:1)
  A deep elf pyromancer (Elf:1)
  A deep elf zephyrmancer (Elf:1)
  A human (D:9)
  19 fungi
  34 plants
  26 withered plants (Lair:6)
91 creatures vanquished.

Grand Total: 807 creatures vanquished

Notes
Turn   | Place    | Note
-------+----------+-------------------------------------------
     0 | D:1      | leviel the Minotaur Fighter began the quest for the Orb.
     0 | D:1      | Reached XP level 1. HP: 19/19 MP: 0/0
   342 | D:1      | Reached XP level 2. HP: 23/27 MP: 1/1
   400 | D:1      | Reached skill level 3 in Axes
  1228 | D:2      | Reached XP level 3. HP: 33/33 MP: 2/2
  1249 | D:2      | Reached skill level 1 in Throwing
  1772 | D:2      | Found a basalt altar of Yredelemnul.
  2143 | D:3      | Found a basalt altar of Yredelemnul.
  2171 | D:3      | Reached XP level 4. HP: 36/40 MP: 3/3
  2750 | D:4      | Noticed Sigmund
  2760 | D:4      | Killed Sigmund
  2761 | D:4      | Reached skill level 4 in Axes
  2761 | D:4      | Reached skill level 1 in Dodging
  2761 | D:4      | Reached XP level 5. HP: 38/46 MP: 4/4
  2871 | D:4      | Found a staircase to the Ecumenical Temple.
  2920 | D:4      | Found a burning altar of Makhleb.
  3033 | D:4      | Reached XP level 6. HP: 44/52 MP: 5/5
  3253 | D:4      | Reached skill level 5 in Shields
  3265 | D:4      | Identified the +0 leather armour of the Flute {Str+2}
  3582 | D:4      | Reached skill level 5 in Axes
  3582 | D:4      | Reached XP level 7. HP: 26/60 MP: 6/6
  3910 | Temple   | Entered the Ecumenical Temple
  3949 | Temple   | Became a worshipper of Gozag Ym Sagoz the Greedy
  3967 | D:5      | Entered Level 5 of the Dungeon
  3967 | D:5      | Found a shimmering altar of Xom.
  3967 | D:5      | Found Walom's Jewellery Shoppe.
  4093 | D:5      | Noticed Eustachio
  4107 | D:5      | Killed Eustachio
  4108 | D:5      | Reached skill level 5 in Armour
  4243 | D:5      | Found an ornate altar of the Wu Jian Council.
  4545 | D:5      | Found a glowing drain.
  4549 | Sewer    | Entered a sewer
  4902 | Sewer    | Identified a scroll of acquirement
  4902 | Sewer    | Acquired 662 gold pieces
  5003 | Sewer    | Reached skill level 6 in Axes
  5368 | D:5      | Reached skill level 5 in Fighting
  6003 | D:5      | Bought the ring "Xueduyh" {Will+ rCorr Str+4 Dex+6} for
                  | 1106 gold pieces
  6111 | D:6      | Reached XP level 8. HP: 68/68 MP: 7/7
  6207 | D:6      | Noticed Edmund
  6272 | D:6      | Killed Edmund
  6273 | D:6      | Reached skill level 7 in Axes
  6731 | D:6      | Reached skill level 8 in Axes
  6892 | D:6      | Reached skill level 9 in Axes
  6892 | D:6      | Reached XP level 9. HP: 68/81 MP: 8/8
  7213 | D:6      | Found a shimmering blue altar of Sif Muna.
  7758 | D:7      | Reached skill level 10 in Axes
  8124 | D:7      | Reached skill level 10 in Fighting
  8256 | D:7      | Found an iron altar of Okawaru.
  8421 | D:7      | Found a large runed translucent door.
  8421 | D:7      | Found a large runed translucent door.
  8547 | D:7      | Reached skill level 11 in Axes
  8552 | D:7      | Noticed a boulder beetle
  8559 | D:7      | Killed a boulder beetle
  8560 | D:7      | Reached XP level 10. HP: 42/94 MP: 9/9
  8801 | D:7      | Noticed a two-headed ogre
  8801 | D:7      | Noticed a manticore
  8852 | D:7      | Found a large runed translucent door.
  8852 | D:7      | Found a large runed translucent door.
  8993 | D:7      | Found the +7 great mace "Undeadhunter" {disrupt, rN+}
  9341 | D:8      | Noticed a two-headed ogre
  9418 | D:8      | Noticed Harold
 10191 | D:8      | Found a staircase to the Lair.
 10210 | D:8      | Killed Harold
 10211 | D:8      | Reached skill level 12 in Axes
 10424 | D:8      | Found a white marble altar of Elyvilon.
 10424 | D:8      | Found a glowing silver altar of Zin.
 10424 | D:8      | Found a glowing golden altar of the Shining One.
 10580 | D:9      | Found a sparkling altar of Nemelex Xobeh.
 10640 | D:9      | Killed a two-headed ogre
 11102 | D:9      | Found an ancient bone altar of Kikubaaqudgha.
 11227 | D:9      | Reached skill level 13 in Axes
 11230 | D:9      | Noticed Maggie
 11240 | D:9      | Killed Maggie
 11257 | D:9      | Reached XP level 11. HP: 84/106 MP: 10/10
 11577 | D:9      | Found a staircase to the Orcish Mines.
 11841 | D:5      | Bought an amulet of reflection for 390 gold pieces
 11900 | D:10     | Entered Level 10 of the Dungeon
 12261 | D:10     | Noticed Maurice
 12279 | D:10     | Killed Maurice
 12413 | D:10     | Found a runed translucent door.
 12416 | D:10     | Noticed ClownBaby's ghost (novice MfGl)
 12417 | D:10     | Identified the +2 trident "Giantslayer" {speed, Str+2}
 12419 | D:10     | Noticed a spriggan rider
 12485 | D:10     | Identified the +3 great mace "Xikestre" {flame, rF+ rC+
                  | Str+4}
 12981 | Lair:1   | Entered Level 1 of the Lair of Beasts
 13102 | Lair:1   | Reached skill level 14 in Axes
 14052 | Lair:2   | Noticed a bog body
 14054 | Lair:2   | Found a staircase to the Swamp.
 14058 | Lair:2   | Killed a bog body
 14059 | Lair:2   | Reached skill level 15 in Axes
 14237 | Lair:2   | Reached XP level 12. HP: 97/118 MP: 11/11
 14244 | Lair:2   | Reached skill level 15 in Fighting
 15407 | Lair:3   | Found a staircase to the Snake Pit.
 15798 | Lair:3   | Reached skill level 16 in Axes
 16661 | Lair:4   | Found a runed translucent gate.
 16661 | Lair:4   | Found a runed translucent gate.
 16662 | Lair:4   | Found a runed translucent gate.
 16667 | Lair:4   | Noticed Eqaz's ghost (journeyman MiHu)
 16667 | Lair:4   | Noticed Eqaz's ghost (journeyman MiHu)
 16668 | Lair:4   | Noticed Lesmeliq's ghost (journeyman HuWn)
 16668 | Lair:4   | Noticed Juirae's ghost (journeyman TrMo)
 16728 | Lair:4   | Noticed Urug
 16737 | Lair:4   | Killed Urug
 16938 | Lair:4   | You fall into a shaft and drop 1 floor!
 17023 | Lair:5   | Reached skill level 5 in Dodging
 18063 | Lair:5   | Found a staircase to the Slime Pits.
 18133 | Lair:5   | Noticed an eight-headed hydra
 18144 | Lair:5   | Killed a four-headed hydra
 18842 | Lair:6   | Entered Level 6 of the Lair of Beasts
 18851 | Lair:6   | Reached XP level 13. HP: 114/126 MP: 12/12
 18900 | Lair:6   | Found a blossoming altar of Fedhas.
 18974 | Lair:6   | Noticed a dire elephant
 19456 | Lair:6   | Reached skill level 10 in Armour
 19702 | Lair:6   | Identified the Grimoire of the Twisted Rocks
 20534 | Lair:6   | Reached skill level 1 in Maces & Flails
 20772 | Lair:6   | Noticed a dire elephant
 20782 | Lair:6   | Killed a dire elephant
 20788 | Lair:6   | Reached skill level 1 in Evocations
 20887 | Lair:6   | Noticed a dire elephant
 20897 | Lair:6   | Killed a dire elephant
 20901 | Lair:6   | Reached skill level 10 in Dodging
 20980 | Lair:6   | Killed a dire elephant
 21642 | Orc:1    | Entered Level 1 of the Orcish Mines
 21642 | Orc:1    | Noticed Jorgrun
 21650 | Orc:1    | Killed Jorgrun
 21651 | Orc:1    | Reached XP level 14. HP: 106/135 MP: 13/13
 21655 | Orc:1    | Noticed Nergalle
 21661 | Orc:1    | Noticed Erolcha
 21667 | Orc:1    | Killed Nergalle
 21668 | Orc:1    | Reached skill level 5 in Maces & Flails
 21682 | Orc:1    | Killed Erolcha
 22179 | Orc:2    | Entered Level 2 of the Orcish Mines
 22510 | Orc:2    | Found a staircase to the Elven Halls.
 23484 | Orc:2    | HP: 1/135 [orc priest/divine providence (11)]
 24154 | Orc:2    | Noticed an orc warlord
 24322 | Orc:1    | Killed an orc warlord
 24323 | Orc:1    | Reached skill level 5 in Evocations
 25287 | Orc:2    | Found Saocaps's General Store.
 25288 | Orc:2    | Found Kegibias's Jewellery Shoppe.
 25290 | Orc:2    | Found Juykout's Antique Armour Emporium.
 25290 | Orc:2    | Found Ipnonopnou's Antique Weapon Emporium.
 25295 | Orc:2    | Bought a glowing hat for 133 gold pieces
 25307 | Orc:2    | Bought a scroll of fog for 28 gold pieces
 25307 | Orc:2    | Bought a scroll of identify for 28 gold pieces
 25340 | Orc:2    | Acquired 812 gold pieces
 25394 | Elf:1    | Entered Level 1 of the Elven Halls
 26373 | Elf:1    | Noticed Roxanne
 26394 | Elf:1    | Killed Roxanne
 27203 | Elf:1    | Reached XP level 15. HP: 124/141 MP: 14/14
 28449 | Elf:1    | Reached skill level 10 in Shields
 29048 | Slime:1  | Entered Level 1 of the Pits of Slime
 29264 | Slime:2  | Noticed an acid blob
 29281 | Slime:2  | Killed an acid blob
 29678 | Slime:2  | Noticed an acid blob
 29687 | Slime:2  | Killed an acid blob
 29690 | Slime:2  | Noticed an azure jelly
 29843 | Slime:2  | Killed an azure jelly
 30475 | Slime:1  | Gained mutation: You tend to lose your temper in combat. [a
                  | shining eye]
 31315 | Slime:3  | Noticed an acid blob
 31490 | Slime:1  | Noticed an acid blob
 31500 | Slime:1  | Killed an acid blob
 31579 | Snake:1  | Entered Level 1 of the Snake Pit
 32905 | Snake:1  | Reached XP level 16. HP: 149/149 MP: 15/15
 34026 | Snake:1  | Noticed Donald
 34036 | Snake:1  | HP: 7/149 [Donald/+1 long sword of electrocution (38)]
 34037 | Snake:1  | Slain by Donald

Illustrated notes

Levels and vault maps discovered:
D:1:      moated_graveyard_arrival, layout_basic, nrook_loot_triangle,
          corexii_corridor_pit, patterned_corridor
D:2:      layout_loops_ring, basic_altar, serial_bayou_pond_c,
          chequers_hall_statues_corner_a
D:3:      layout_rooms, lemuel_crystal_altar, hangedman_glass_teeth
D:4:      layout_loops_ring, lemuel_crystal_altar, temple_fountains,
          uniq_sigmund
D:5:      layout_layer_cave, xom_butterflies, overflow_temple_1_default,
          serial_shops, shop, gup_sewer_entry_bowl,
          minmay_misc_feat_more_columns, columned_hall_lemuel, uniq_eustachio
D:6:      minmay_razor_zed, layout_loops_cross, kennysheep_orc_sif_temple,
          kennysheep_small_spiral, uniq_edmund
D:7:      layout_cave_pools, okawaru_ov_weapons_minmay,
          minmay_hollow_rounded_squares
D:8:      layout_rooms, good_gods_mini_temple, lair_entry_dummy,
          minmay_hedge_maze, minmay_holes, uniq_harold
D:9:      layout_basic, tgw_kikubaaqudgha, nicolae_overflow_crystal_walls,
          orc_0_dummy, hangedman_decor_clover_reticule, dk_noncrumbling_2,
          minmay_misc_feat_encased, hangedman_abyss_or_decor_stabs,
          minmay_fractal_squares_gapless_5, uniq_maggie
D:10:     layout_roguey, ebering_ghost_funeral_grove,
          chequers_serial_rivers_small_3, uniq_maurice
Temple:   minmay_freezing_vapour_temple
Lair:1:   layout_regular_city, minivault_25
Lair:2:   layout_small_grid, skrybe_swamp_entry_bodies, grunt_megastairs_2
Lair:3:   layout_regular_city, minmay_snake_entry_guardpost_medium,
          grunt_megastairs_5
Lair:4:   layout_hall_layers, gammafunk_ghost_cemetery,
          portal_ice_cave_entry_imps, uniq_urug
Lair:5:   layout_loops_ring, slime_dummy, lemuel_fruit_tree
Lair:6:   due_jungle_book, layout_cellular_growth, basic_altar
Snake:1:  layout_chambers, minmay_snake_pond, serial_bayou_shore_b, uniq_donald
Slime:1:  layout_caves
Slime:2:  layout_caves
Slime:3:  cheibrodos_slime_lost_civilization_8, layout_caves,
          nicolae_slime_phagocytosis
Orc:1:    layout_caves, uniq_nergalle, uniq_jorgrun, uniq_erolcha
Orc:2:    st_orc_congregation, layout_diamond_mine, nicolae_orc_sculptors_studio
Elf:1:    elf_arrival_002, layout_loops_corners, serial_shops, bzr_firewalk,
          minivault_28, nicolae_elf_big_sculpture_1, uniq_roxanne

Skill      XL: |  1  2  3  4  5  6  7  8  9 10 11 12 13 14 15 16 |
---------------+-------------------------------------------------+-----
Axes           | 3 4 5 6 9 11 13 15 16 | 16.0
Throwing       | 1 2 3 |  3.6
Shields        | 4 5 6 14 | 14.9
Armour         | 4 5 9 12 13 | 13.9
Fighting       | 4 5 8 10 12 14 15 | 15.0
Dodging        | 1 2 7 10 12 | 12.2
Maces & Flails | 4 7 8 |  8.3
Evocations     | 3 6 |  6.0
Stealth        | |  0.3

Action                   |  1- 3 |  4- 6 |  7- 9 | 10-12 | 13-15 | 16-18 || total
-------------------------+-------+-------+-------+-------+-------+-------++-------
Melee: War axe           |    68 |    98 |   222 |   424 |   954 |    26 ||  1792
       Headbutt          |     6 |    22 |    48 |   130 |   382 |    14 ||   602
       Hand axe          |       |       |       |     5 |       |       ||     5
       Great mace        |       |       |       |       |       |    39 ||    39
Throw: Dart              |    94 |    37 |    22 |     2 |    10 |       ||   165
Invok: Call Merchant     |       |       |       |       |     3 |       ||     3
  Use: Scroll            |       |       |    12 |    16 |     8 |       ||    36
       Potion            |       |       |     2 |       |     9 |     1 ||    12
 Stab: Distracted        |       |       |       |     1 |     7 |       ||     8
Armor: Scale mail        |    49 |    58 |    65 |    88 |    27 |       ||   287
       Plate armour      |       |       |       |       |   195 |    23 ||   218
Dodge: Dodged            |    36 |    35 |    77 |    71 |   169 |    36 ||   424
Block: Kite shield       |    65 |    60 |   137 |   275 |   654 |    25 ||  1216
       Reflection        |       |       |       |     5 |    51 |     1 ||    57
       Other             |       |       |       |       |       |     8 ||     8

Table legend: (Time is in decaauts)
 A = Elapsed time spent in this place.
 B = Non-inter-level travel time spent in this place.
 C = Inter-level travel time spent in this place.
 D = Time resting spent in this place.
 E = Time spent auto-exploring this place.
 F = Levels seen in this place.
 G = Mean time per level.
                   A        B        C        D        E       F      G
               +--------+--------+--------+--------+--------+-----+--------+
         Total |  34305 |  32597 |   1708 |   7875 |  19871 |  25 | 1372.2 |
       Dungeon |  12551 |  11554 |    997 |   1654 |   8256 |  10 | 1255.1 |
        Temple |     44 |     44 |      0 |      0 |     10 |   1 |   44.0 |
          Lair |   9439 |   8984 |    455 |   2041 |   5981 |   6 | 1573.2 |
     Snake Pit |   1779 |   1779 |      0 |    837 |    635 |   1 | 1779.0 |
    Slime Pits |   2408 |   2309 |     99 |   1055 |    914 |   3 |  802.7 |
  Orcish Mines |   4692 |   4590 |    102 |   1722 |   2049 |   2 | 2346.0 |
   Elven Halls |   2513 |   2460 |     53 |    561 |   1471 |   1 | 2513.0 |
         Sewer |    876 |    876 |      0 |      4 |    553 |   1 |  876.0 |
               +--------+--------+--------+--------+--------+-----+--------+

Top non-repeatable levels by time:
   Orc:2: 3409 daAuts
  Lair:6: 2637 daAuts
   Elf:1: 2513 daAuts
     D:7: 2253 daAuts
  Lair:3: 1896 daAuts
     D:6: 1787 daAuts
 Snake:1: 1779 daAuts
  Lair:2: 1673 daAuts
     D:5: 1463 daAuts
  Lair:4: 1429 daAuts
 Slime:2: 1391 daAuts
     D:9: 1319 daAuts
   Orc:1: 1283 daAuts
     D:4: 1264 daAuts
     D:1: 1202 daAuts
